 Dungeon Crawl Stone Soup version 0.28-a0-938-gbc3f381ebc (webtiles) character file.

Game seed: 1030890263116300529

1330 bearlyready the Fighter (level 8, 46/75 HPs)
             Began as a Minotaur Brigand on Nov 29, 2021.
             Quit the game on level 6 of the Dungeon.
             The game lasted 00:14:34 (6792 turns).

bearlyready the Fighter (Minotaur Brigand)          Turns: 6792, Time: 00:14:34

Health: 46/75      AC: 12    Str: 18    XL:     8   Next: 34%
Magic:  6/6        EV: 11    Int:  8    God:
Gold:   201        SH:  0    Dex: 12    Spells: 7/7 levels left

rFire   . . .      SeeInvis .   a - +2 dagger
rCold   . . .      Faith    .   (no shield)
rNeg    . . .      Spirit   .   e - +0 steam dragon scales
rPois   .          Reflect  .   (helmet restricted)
rElec   .          Harm     .   c - +0 cloak
rCorr   +          Rampage  .   u - +0 pair of gloves
Will    .....                   v - +0 pair of boots
Stlth   ++........              o - amulet of magic regeneration
HPRegen 0.22/turn               m - ring of resist corrosion
MPRegen 0.50/turn               y - +4 ring of protection

@: no status effects
A: horns 2, retaliatory headbutt, frail 1, low mp 1
a: no special abilities


You were on level 6 of the Dungeon.
You visited 2 branches of the dungeon, and saw 8 of its levels.

You collected 201 gold pieces.

Inventory:

Hand Weapons
 a - a +2 dagger (weapon)
 b - a +2 vorpal shortbow
Missiles
 d - 6 poisoned darts (quivered)
 h - 97 stones
 p - 23 bolts
 s - 108 arrows
 B - 17 sling bullets
 D - 2 boomerangs
Armour
 c - a +0 cloak (worn)
 e - +0 steam dragon scales (worn)
 i - a +0 ring mail
 k - a +0 plate armour
 u - a +0 pair of gloves (worn)
 v - a +0 pair of boots (worn)
 A - a +0 robe
Jewellery
 g - a ring of willpower
 m - a ring of resist corrosion (left hand)
 o - an amulet of magic regeneration (around neck)
 y - a +4 ring of protection (right hand)
Scrolls
 l - a scroll of blinking
 n - a scroll of torment
 q - a scroll of immolation
 r - 3 scrolls of fog
 x - 2 scrolls of teleportation
 C - a scroll of amnesia
 H - a scroll of vulnerability {unknown}
 J - a scroll of silence {unknown}
 K - 2 scrolls of identify
Potions
 f - a potion of attraction {unknown}
 j - 4 potions of curing
 t - 2 potions of heal wounds {unknown}
 z - a potion of degeneration
 E - a potion of flight {unknown}
 F - a potion of might {unknown}
 G - a potion of brilliance {unknown}
 I - 2 potions of haste {unknown}
 L - a potion of cancellation {unknown}


   Skills:
 + Level 12.3 Fighting
 - Level 2.1 Short Blades
 - Level 2.0 Throwing
 - Level 1.1 Dodging
 - Level 3.2 Stealth


You had 7 spell levels left.
You didn't know any spells.
Your spell library contained the following spells:

 Spells                   Type           Power      Damage    Failure   Level
 Blink                    Tloc           0%         N/A       54%         2
 Ensorcelled Hibernation  Hex/Ice        0%         N/A       54%         2
 Gell's Gravitas          Tloc           0%         N/A       78%         3
 Lesser Beckoning         Tloc           0%         N/A       78%         3
 Spider Form              Tmut/Pois      0%         N/A       78%         3
 Teleport Other           Tloc           0%         N/A       78%         3
 Animate Dead             Necr           0%         N/A       99%         4
 Borgnjor's Vile Clutch   Necr/Erth      0%         N/A       100%        5
 Manifold Assault         Tloc           0%         N/A       100%        5
 Death Channel            Necr           0%         N/A       100%        6


Dungeon Overview and Level Annotations

Branches:
Dungeon (7/15)             Temple (1/1) D:5

Altars:
Ashenzari
Cheibriados
Elyvilon
Hepliaklqana
Kikubaaqudgha
Makhleb
Nemelex Xobeh
Okawaru
Qazlal
Ru
Sif Muna
Trog
Vehumet
Wu Jian
Xom
Yredelemnul
Zin
The Shining One

Annotations:
D:6 Menkaure, Pikel


Innate Abilities, Weirdness & Mutations

You have a pair of horns on your head.
You reflexively headbutt those who attack you in melee.
You are frail. (-10% HP)
Your magical capacity is low. (-10% MP)


Message History

You kill the steam dragon!
The steam dragon scales are intact enough to wear.
Your life force feels restored.
Your Fighting skill increases to level 12!
You start resting.
HP restored.
Things that are here:
+0 steam dragon scales; a steam dragon skeleton e - +0 steam dragon scales
d - 6 poisoned darts (gained 2)
You start removing your armour.
You continue taking off your +0 plate armour. x4
You finish taking off your +0 plate armour.
You start putting on your armour.
You continue putting on your +0 steam dragon scales. x5
You finish putting on your +0 steam dragon scales.
Found an escape hatch in the ceiling.
Okay, then.
You open the door.
Menkaure, Prince of Dust comes into view.
Menkaure is nearby!
Menkaure is nearby!
Menkaure shouts!
There is an open door here.
Menkaure hits you!
You hit Menkaure but do no damage.
Menkaure gestures wildly while chanting.
Menkaure seems to speed up.
You hit Menkaure but do no damage. Menkaure hits you!
You are too injured to fight recklessly!
You barely miss Menkaure. Menkaure hits you.
You are too injured to fight recklessly!
You aren't carrying any items that you can evoke.
Unknown command.
It was a potion of mutation.
You feel extremely strange.
You feel less energetic.
You feel frail.
Menkaure gestures at you while chanting.
Pain shoots through your body!
You hit Menkaure but do no damage. Menkaure hits you but does no damage.
Are you sure you want to abandon this character and quit the game? (Confirm with "yes".)

##### #...# ########## #...##
#........# +.M..# ########
###........# #.@..# #......#
...........# #....# #.####รท#
...........# ##'#.# #.# #.#
....######## #.#.# #.# #.#
....# #.#.# #.# #.# ....#
#####.#.####.####.# ....#
#.................#
....#########.##.#.####.######
.......[..........>.........#


You could see Menkaure (fast).

Vanquished Creatures
  Prince Ribbit (D:5)
  A steam dragon (D:6)
  An orc warrior (D:7)
  A hornet zombie (D:5)
  A sky beast (D:7)
  A scorpion (D:5)
  3 water moccasin zombies
  A bullfrog zombie (D:6)
  4 hounds
  A centaur skeleton (D:4)
  An orc priest (D:4)
  A bullfrog skeleton (D:5)
  Natasha (thrice) (D:3)
  An iguana (D:6)
  7 adders
  3 dart slugs
  2 worms
  7 orcs
  6 ball pythons
  3 endoplasms
  7 giant cockroaches
  3 goblins
  6 hobgoblins
  10 jackals
  8 kobolds
  4 quokkas
  7 bats
  4 frilled lizards
  5 rats
103 creatures vanquished.

Vanquished Creatures (others)
  A plant (D:2)
1 creature vanquished.

Grand Total: 104 creatures vanquished

Notes
Turn   | Place    | Note
-------+----------+-------------------------------------------
     0 | D:1      | bearlyready the Minotaur Brigand began the quest for the
                  | Orb.
     0 | D:1      | Reached XP level 1. HP: 18/18 MP: 0/0
    58 | D:1      | Reached skill level 3 in Fighting
   180 | D:1      | Reached XP level 2. HP: 26/26 MP: 1/1
   401 | D:1      | Reached skill level 4 in Fighting
   654 | D:1      | Reached XP level 3. HP: 33/33 MP: 2/2
  1334 | D:2      | Reached skill level 5 in Fighting
  1456 | D:2      | Reached XP level 4. HP: 30/42 MP: 3/3
  1668 | D:2      | Found a faded altar of an unknown god.
  2327 | D:3      | Noticed Natasha
  2342 | D:3      | Killed Natasha
  2343 | D:3      | Reached skill level 6 in Fighting
  2351 | D:3      | Noticed Natasha
  2363 | D:3      | Killed Natasha
  2364 | D:3      | Reached XP level 5. HP: 21/51 MP: 4/4
  2687 | D:3      | Noticed Natasha
  2695 | D:3      | Killed Natasha
  3122 | D:4      | Reached skill level 7 in Fighting
  3957 | D:5      | Entered Level 5 of the Dungeon
  3975 | D:5      | Noticed Prince Ribbit
  3990 | D:5      | Killed Prince Ribbit
  3991 | D:5      | Reached skill level 8 in Fighting
  3991 | D:5      | Reached XP level 6. HP: 49/62 MP: 5/5
  4059 | D:5      | Found a staircase to the Ecumenical Temple.
  4146 | D:5      | Reached skill level 9 in Fighting
  4146 | D:5      | Reached XP level 7. HP: 53/70 MP: 6/6
  4550 | D:5      | Found a glowing drain.
  4780 | D:5      | Reached skill level 10 in Fighting
  5254 | Temple   | Entered the Ecumenical Temple
  5694 | D:6      | Noticed Pikel
  5922 | D:6      | Reached skill level 11 in Fighting
  5993 | D:6      | Reached XP level 8. HP: 82/82 MP: 7/7
  6351 | D:7      | Noticed a gargoyle
  6440 | D:6      | Reached skill level 12 in Fighting
  6783 | D:6      | Noticed Menkaure
  6790 | D:6      | Gained mutation: Your magical capacity is low. (-10% MP)
                  | [potion of mutation]
  6790 | D:6      | Gained mutation: You are frail. (-10% HP) [potion of
                  | mutation]
  6792 | D:6      | Quit the game

Illustrated notes

Levels and vault maps discovered:
D:1:      minmay_arrival_checkered_box, layout_loops_ring, corner_web_ring
D:2:      layout_loops_corners, shapermc_ecumenical_altar_mp_urbaneastern
D:3:      layout_basic, uniq_natasha
D:4:      layout_loops_ring
D:5:      layout_gridville, minmay_temple_entry_wispy, gup_sewer_entry_glass,
          uniq_prince_ribbit1
D:6:      layout_basic, uniq_pikel, uniq_menkaure
D:7:      layout_basic, dancing_weapons_uskayaw
Temple:   mainiacjoe_temple_coin_purse

Skill      XL: |  1  2  3  4  5  6  7  8 |
---------------+-------------------------+-----
Fighting       | 3 4 5 6 8 9 11 12 | 12.3
Short Blades   | |  2.1
Throwing       | |  2.0
Dodging        | |  1.1
Stealth        | |  3.2

Action                   |  1- 3 |  4- 6 |  7- 9 || total
-------------------------+-------+-------+-------++-------
Melee: Dagger            |   128 |   139 |   189 ||   456
       Headbutt          |    18 |    26 |    39 ||    83
 Fire: Shortbow          |       |       |     4 ||     4
Throw: Dart              |       |    10 |     3 ||    13
  Use: Scroll            |       |     7 |     3 ||    10
       Potion            |       |       |     1 ||     1
 Stab: Sleeping          |     2 |       |       ||     2
Armor: Ring mail         |     9 |       |       ||     9
       Plate armour      |    64 |    91 |   167 ||   322
       Steam dragon scal |       |       |     1 ||     1
Dodge: Dodged            |    25 |    23 |    47 ||    95

Table legend: (Time is in decaauts)
 A = Elapsed time spent in this place.
 B = Non-inter-level travel time spent in this place.
 C = Inter-level travel time spent in this place.
 D = Time resting spent in this place.
 E = Time spent auto-exploring this place.
 F = Levels seen in this place.
 G = Mean time per level.
                   A        B        C        D        E       F      G
               +--------+--------+--------+--------+--------+-----+--------+
         Total |   6756 |   6340 |    416 |    591 |   4561 |   8 |  844.5 |
       Dungeon |   6584 |   6225 |    359 |    591 |   4481 |   7 |  940.6 |
        Temple |    171 |    115 |     56 |      0 |     80 |   1 |  171.0 |
               +--------+--------+--------+--------+--------+-----+--------+

Top non-repeatable levels by time:
     D:5: 1175 daAuts
     D:2: 1123 daAuts
     D:1: 1042 daAuts
     D:3: 1024 daAuts
     D:6: 1005 daAuts
     D:4: 911 daAuts
     D:7: 300 daAuts
  Temple: 171 daAuts
